[Event "ICCopen2016"]
[Site "Internet Chess Club"]
[Date "2016.06.04"]
[Round "2"]
[White "kaimann"]
[Black "Bubacik"]
[Result "0-1"]
[ICCResult "White checkmated"]
[WhiteElo "1984"]
[BlackElo "2600"]
[Opening "Benko's opening"]
[ECO "A00"]
[NIC "VO.09"]
[Time "14:13:30"]
[TimeControl "180+0"]

1. g3 d5 2. Bg2 e5 3. Nf3 e4 4. Nd4 c5 5. Nb3 Nc6 6. d3 exd3 7. cxd3 Nf6 8.
O-O Be7 9. Nc3 O-O 10. Bg5 d4 11. Bxf6 Bxf6 12. Ne4 b6 13. Nexc5 bxc5 14.
Bxc6 Rb8 15. Bg2 Be6 16. Nxc5 Rxb2 17. Nxe6 fxe6 18. Rb1 Qb6 19. Rxb2 Qxb2
20. Qb3 Qxe2 21. Bh3 Re8 22. a4 Kf7 23. Rc1 Re7 24. Rc6 Qe1+ 25. Kg2 Qe5 26.
a5 h5 27. a6 g5 28. Kg1 g4 29. Bg2 h4 30. Be4 h3 31. Qd1 Rc7 32. Rxc7+ Qxc7
33. Qb1 Qa5 34. Bb7 Bg5 35. Qd1 Kf6 36. Bc8 Qa2 37. Qe1 Be3 38. fxe3 Qg2#
{White checkmated}
0-1

[Event "ICCopen2016"]
[Site "Internet Chess Club"]
[Date "2016.06.04"]
[Round "2"]
[White "kfactor"]
[Black "SIRPALADIN"]
[Result "0-1"]
[ICCResult "White checkmated"]
[WhiteElo "1400"]
[BlackElo "1907"]
[Opening "Sicilian defense"]
[ECO "B20"]
[NIC "SI.48"]
[Time "14:13:18"]
[TimeControl "180+0"]

1. e4 c5 2. d3 g6 3. f3 Bg7 4. g3 d5 5. h4 h5 6. f4 Bg4 7. Be2 Bxe2 8. Qxe2
Nf6 9. e5 Ng4 10. Nh3 Nc6 11. c3 Qb6 12. a3 O-O 13. Nf2 Nxf2 14. Qxf2 d4 15.
c4 Na5 16. Nd2 Nb3 17. Nxb3 Qxb3 18. O-O Qxd3 19. b4 b6 20. bxc5 bxc5 21.
Bb2 Qxc4 22. Rac1 Qd5 23. Qf3 Qxf3 24. Rxf3 Rac8 25. a4 e6 26. Ba3 Rfd8 27.
Rd3 Bf8 28. Rf1 c4 29. Rdd1 Bxa3 30. f5 exf5 31. e6 fxe6 32. Rf3 Bc5 33. Kg2
e5 34. Rff1 e4 35. Kh3 e3 36. Rf4 Kf7 37. Rb1 Rc7 38. Rb5 e2 39. a5 e1=Q 40.
Rf2 Qxf2 41. a6 Qf1+ 42. Kh2 Re7 43. Rb7 Rxb7 44. axb7 Qe2+ 45. Kh3 d3 46.
b8=Q Rxb8 47. g4 Qxg4+ 48. Kh2 Bd6+ 49. Kh1 Rb1# {White checkmated} 0-1

[Event "ICCopen2016"]
[Site "Internet Chess Club"]
[Date "2016.06.04"]
[Round "2"]
[White "SeniorNapa"]
[Black "mrquinn"]
[Result "1-0"]
[ICCResult "Black forfeits on time"]
[WhiteElo "1792"]
[BlackElo "1361"]
[Opening "King's Indian: Averbakh, 6...c5"]
[ECO "E74"]
[NIC "KI.25"]
[Time "14:12:26"]
[TimeControl "180+0"]

1. d4 Nf6 2. c4 g6 3. Nc3 Bg7 4. e4 d6 5. Be2 O-O 6. Bg5 c5 7. d5 Na6 8. Nf3
h6 9. Bh4 g5 10. Bg3 Nc7 11. a4 a5 12. Nd2 e6 13. O-O exd5 14. cxd5 Na6 15.
Nc4 Ne8 16. Nb5 f5 17. exf5 Bxf5 18. Nbxd6 Nxd6 19. Bxd6 Re8 20. Bd3 Qd7 21.
Bg3 Nb4 22. Nb6 Qf7 23. Bxf5 Qxf5 24. Nxa8 Nxd5 25. Nc7 Nxc7 26. Bxc7 Bd4
27. Qb3+ Kg7 28. Qxb7 Re7 29. Qc6 Re6 30. Qd7+ Kg6 31. Bg3 h5 32. h4 gxh4
33. Bxh4 Bf6 34. Bxf6 Kxf6 35. Qd8+ Kg6 36. Qg8+ {Black forfeits on time}
1-0

[Event "ICCopen2016"]
[Site "Internet Chess Club"]
[Date "2016.06.04"]
[Round "2"]
[White "CrossShark"]
[Black "UAE2002"]
[Result "1-0"]
[ICCResult "Black checkmated"]
[WhiteElo "2606"]
[BlackElo "2022"]
[Opening "Sicilian: accelerated fianchetto, Maróczy bind, 6.Be3"]
[ECO "B38"]
[NIC "SI.33"]
[Time "14:12:36"]
[TimeControl "180+0"]

1. e4 c5 2. Nf3 Nc6 3. d4 cxd4 4. Nxd4 g6 5. c4 Bg7 6. Be3 Nf6 7. Nc3 O-O 8.
Be2 Nxd4 9. Bxd4 d6 10. O-O Qa5 11. f4 Rd8 12. Bf3 Rb8 13. Qe1 e5 14. Be3
Be6 15. b3 Bg4 16. fxe5 dxe5 17. Bg5 Bxf3 18. Rxf3 Rd6 19. Nb5 Qxe1+ 20.
Rxe1 Ra6 21. Nc7 Rc6 22. Nd5 Nxd5 23. exd5 Ra6 24. a4 f6 25. Be3 Rd8 26. Bc5
Rd7 27. Kf1 f5 28. g4 fxg4 29. Rg3 Rf6+ 30. Kg2 b6 31. Bb4 h5 32. Rxe5 Rdf7
33. Re2 Rf1 34. Rd3 Rd7 35. Kxf1 Bh6 36. Re7 Rd8 37. Rxa7 Bf4 38. Rd4 Bxh2
39. Re4 g3 40. Ree7 h4 41. Rg7+ Kh8 42. Rh7+ Kg8 43. Rag7# {Black
checkmated} 1-0

[Event "ICCopen2016"]
[Site "Internet Chess Club"]
[Date "2016.06.04"]
[Round "2"]
[White "gonesailing"]
[Black "motipen"]
[Result "1-0"]
[ICCResult "Black resigns"]
[WhiteElo "1596"]
[BlackElo "1876"]
[Opening "Pirc: classical system, 5.Be2"]
[ECO "B08"]
[NIC "PU.03"]
[Time "14:13:29"]
[TimeControl "180+0"]

1. e4 d6 2. d4 Nf6 3. Nc3 g6 4. Nf3 Bg7 5. Be2 O-O 6. O-O Nbd7 7. h3 e5 8.
Be3 Re8 9. Qd2 exd4 10. Nxd4 Nxe4 11. Nxe4 Rxe4 12. Bf3 Re8 13. Bg5 Nf6 14.
Rfe1 c6 15. Re3 Rxe3 16. Qxe3 Bf5 17. Nxf5 gxf5 18. Rd1 d5 19. Qf4 Qd7 20.
Qh4 Ne4 21. Bxe4 fxe4 22. Bf6 Bxf6 23. Qxf6 Qe6 24. Qg5+ Qg6 25. Qe7 e3 26.
Qxe3 Qxc2 27. Rd4 Qxb2 28. Qe5 Qc1+ 29. Kh2 Qh6 30. Rg4+ Kf8 31. Qh8+ Ke7
32. Qxa8 Qd6+ 33. Rg3 h5 34. Qxb7+ Ke6 35. Qc8+ Ke7 36. Qf5 h4 37. Qg5+
{Black resigns}
1-0

[Event "ICCopen2016"]
[Site "Internet Chess Club"]
[Date "2016.06.04"]
[Round "2"]
[White "Chanikya"]
[Black "Qualm"]
[Result "1-0"]
[ICCResult "Black forfeits on time"]
[WhiteElo "2732"]
[BlackElo "1664"]
[Opening "Réti opening"]
[ECO "A04"]
[NIC "QP.11"]
[Time "14:12:59"]
[TimeControl "180+0"]

1. Nf3 e6 2. g3 d5 3. Bg2 Nf6 4. O-O Be7 5. d3 O-O 6. Nbd2 Nbd7 7. Re1 c5 8.
e4 b6 9. e5 Ne8 10. Nf1 f5 11. exf6 Ndxf6 12. Bh3 Nc7 13. Ng5 Qd6 14. Bf4
Qc6 15. Nxe6 Nxe6 16. Bxe6+ Bxe6 17. Qe2 Bh3 18. Qxe7 d4 19. f3 Qxf3 20. Qe2
Qc6 21. Nd2 Rae8 22. Qf3 Rxe1+ 23. Rxe1 Qd7 24. Ne4 Ng4 25. Ng5 Ne3 26. Nxh3
Qxh3 27. Qe2 Ng4 28. Qg2 Qh5 29. h3 Nf6 30. Kh2 h6 31. Qe2 Qxe2+ 32. Rxe2
Nd5 33. Bd2 Kf7 34. Kg2 h5 35. Re5 Nf6 36. Bg5 g6 37. Kf3 Rc8 38. Kf4 Rc7
39. g4 hxg4 40. hxg4 Nh7 41. Bh4 Kg7 42. Re7+ Rxe7 43. Bxe7 Kf7 44. Bd6
{Black forfeits on time}
1-0

[Event "ICCopen2016"]
[Site "Internet Chess Club"]
[Date "2016.06.04"]
[Round "2"]
[White "Imperator15"]
[Black "Westbank"]
[Result "1-0"]
[ICCResult "Black resigns"]
[WhiteElo "2853"]
[BlackElo "2170"]
[Opening "Petrov: Damiano variation"]
[ECO "C42"]
[NIC "RG.03"]
[Time "14:13:09"]
[TimeControl "180+0"]

1. e4 e5 2. Nf3 Nf6 3. Nxe5 Nxe4 4. Qe2 Qe7 5. Qxe4 d6 6. d4 dxe5 7. dxe5
Nc6 8. Nc3 Qxe5 9. Qxe5+ Nxe5 10. Bf4 f6 11. Nb5 Bb4+ 12. c3 Ba5 13. O-O-O
Bd7 14. Be2 a6 15. Nd4 O-O-O 16. Rhe1 Bb6 17. Bg3 Rhe8 18. f4 Nc6 19. Nxc6
Bxc6 20. Bg4+ Kb8 21. Rxd8+ Rxd8 22. Re7 Bxg2 23. Rxg7 Be3+ 24. Kc2 Be4+ 25.
Kb3 b5 26. Be6 Rd6 27. f5 Rc6 28. Rxh7 a5 29. a4 b4 30. c4 Bf3 31. Rd7 Be4
32. Bd5 Bxd5 33. Rxd5 Bc5 34. h4 Kb7 35. h5 Be3 36. Rxa5 {Black resigns} 1-0

[Event "ICCopen2016"]
[Site "Internet Chess Club"]
[Date "2016.06.04"]
[Round "2"]
[White "fviana"]
[Black "gsvc"]
[Result "0-1"]
[ICCResult "White forfeits on time"]
[WhiteElo "2194"]
[BlackElo "2865"]
[Opening "Sicilian: Najdorf, 7.f4"]
[ECO "B96"]
[NIC "SI.06"]
[Time "14:12:54"]
[TimeControl "180+0"]

1. e4 c5 2. Nf3 d6 3. d4 cxd4 4. Nxd4 Nf6 5. Nc3 a6 6. Bg5 e6 7. f4 Nbd7 8.
Qf3 e5 9. Nb3 h6 10. Bxf6 Nxf6 11. f5 b5 12. a3 Bb7 13. O-O-O Rc8 14. Nd5
Nxd5 15. exd5 Be7 16. Kb1 O-O 17. Bd3 Bf6 18. Nd2 Rc5 19. Be4 Qb6 20. h4
Rfc8 21. g4 b4 22. a4 Qd8 23. g5 hxg5 24. hxg5 Bxg5 25. Nb3 Rc4 26. Rdg1 Bf6
27. Bd3 Rf4 28. Qh5 Kf8 29. Qh7 Bxd5 30. Rh2 Bxb3 31. cxb3 e4 32. Bc4 d5 33.
Rd1 d4 34. Bxa6 Rc7 35. Bc4 d3 36. Qh5 Qd4 37. Rhd2 Rf2 38. Qh8+ Ke7 39. Qb8
Be5 40. Qxb4+ Bd6 41. Qc3 Qxc3 42. bxc3 Rxd2 43. Rxd2 Bf4 44. Rf2 Be5
{White forfeits on time}
0-1

[Event "ICCopen2016"]
[Site "Internet Chess Club"]
[Date "2016.06.04"]
[Round "2"]
[White "pulpocybort"]
[Black "Alfiavl"]
[Result "0-1"]
[ICCResult "White checkmated"]
[WhiteElo "1592"]
[BlackElo "1981"]
[Opening "Sicilian: Kan, 5.Nc3"]
[ECO "B43"]
[NIC "SI.41"]
[Time "14:13:24"]
[TimeControl "180+0"]

1. e4 c5 2. Nf3 e6 3. d4 cxd4 4. Nxd4 a6 5. Nc3 b5 6. Bd3 Bb7 7. O-O Bc5 8.
Nb3 Ba7 9. Kh1 d6 10. f4 Nf6 11. Qe2 Nbd7 12. f5 O-O 13. a4 b4 14. Nd1 Nc5
15. Nxc5 Bxc5 16. b3 a5 17. Bb2 e5 18. Bc1 Qb6 19. Bg5 Nd7 20. Ne3 f6 21.
Nc4 Qc6 22. Bd2 Bd4 23. Rad1 Nc5 24. Qg4 Nxe4 25. Bxe4 Qxe4 26. Qxe4 Bxe4
27. Nxd6 Bxc2 28. Rc1 Bxb3 29. Rc7 Bxa4 30. Rf3 Ra7 31. Nb7 Bb6 32. Re7 Bd8
33. Nxd8 Rxe7 34. Ne6 Rc8 35. Rg3 g6 36. h4 Kf7 37. Be3 gxf5 38. Nc5 f4 39.
Bxf4 exf4 40. Rf3 Rxc5 41. Rxf4 Bc6 42. Kh2 b3 43. Rg4 b2 44. h5 b1=Q 45. h6
Qb8+ 46. Kh3 Re3+ 47. Kh4 Qh2# {White checkmated} 0-1

[Event "ICCopen2016"]
[Site "Internet Chess Club"]
[Date "2016.06.04"]
[Round "2"]
[White "Entoloma"]
[Black "Tresor77"]
[Result "1-0"]
[ICCResult "Black checkmated"]
[WhiteElo "2030"]
[BlackElo "1456"]
[Opening "Bird's opening"]
[ECO "A03"]
[NIC "VO.07"]
[Time "14:12:54"]
[TimeControl "180+0"]

1. f4 d5 2. Nf3 Nc6 3. e3 Nf6 4. Be2 Bg4 5. O-O e6 6. d3 Be7 7. Nbd2 O-O 8.
h3 Bxf3 9. Nxf3 Qd7 10. b3 Ne8 11. Ne5 Nxe5 12. fxe5 f6 13. d4 fxe5 14.
Rxf8+ Kxf8 15. dxe5 Kg8 16. Bd3 c5 17. Bb2 Nc7 18. Qh5 g6 19. Bxg6 hxg6 20.
Qxg6+ Kh8 21. Rf1 Rf8 22. Qh6+ Kg8 23. Qg6+ Kh8 24. Rf4 Rxf4 25. exf4 Qd8
26. g4 Qe8 27. Qh6+ Kg8 28. f5 Qf7 29. f6 Bf8 30. Qg5+ Kh8 31. h4 d4 32. Qd2
Nd5 33. g5 Qh7 34. Qh2 Qf5 35. Bc1 Qg4+ 36. Qg2 Qd1+ 37. Qf1 Qxc2 38. Qg2
Qf5 39. Kh2 Qf4+ 40. Qg3 Qxg3+ 41. Kxg3 Nc3 42. g6 Nxa2 43. Bg5 d3 44. f7
Kg7 45. h5 Kh8 46. Bf6+ Bg7 47. f8=Q# {Black checkmated} 1-0

[Event "ICCopen2016"]
[Site "Internet Chess Club"]
[Date "2016.06.04"]
[Round "2"]
[White "dwibs"]
[Black "tangent"]
[Result "0-1"]
[ICCResult "White forfeits on time"]
[WhiteElo "1576"]
[BlackElo "1912"]
[Opening "Sicilian: Kan, 5.Nc3"]
[ECO "B43"]
[NIC "SI.41"]
[Time "14:12:30"]
[TimeControl "180+0"]

1. Nf3 c5 2. e4 e6 3. d4 cxd4 4. Nxd4 a6 5. Nc3 Qc7 6. Bd3 Nf6 7. O-O d6 8.
Be3 Be7 9. Qe2 b5 10. f4 Bb7 11. Bf2 h5 12. a4 b4 13. Nd1 Nbd7 14. c3 bxc3
15. Nxc3 Ng4 16. Be1 Qb6 17. Bf2 Nxf2 18. Qxf2 Bf6 19. Nf3 Qxf2+ 20. Rxf2
O-O 21. Rd1 Rfc8 22. Rc2 Nc5 23. e5 Nxd3 24. exf6 Nb4 25. Rcd2 Bxf3 26. gxf3
gxf6 27. Rxd6 Nc2 28. Ne4 f5 29. Nf6+ Kg7 30. Nxh5+ Kh6 31. Nf6 Rab8 32. Rd7
Kg6 33. Nd5 exd5 34. Rd6+ f6 35. R6xd5 Ne3 36. Rd7 Nxd1 37. Rxd1 Rxb2 38. h4
Rcc2 39. h5+ Kxh5 40. Kf1 Rh2 41. Re1 Rbf2+ 42. Kg1 Rfg2+
{White forfeits on time}
0-1

[Event "ICCopen2016"]
[Site "Internet Chess Club"]
[Date "2016.06.04"]
[Round "2"]
[White "BitsofKoin"]
[Black "LastKeks"]
[Result "0-1"]
[ICCResult "White resigns"]
[WhiteElo "2341"]
[BlackElo "3081"]
[Opening "King's Indian: East Indian defense"]
[ECO "A48"]
[NIC "QP.06"]
[Time "14:12:49"]
[TimeControl "180+0"]

1. d4 Nf6 2. Nf3 g6 3. e3 Bg7 4. Be2 O-O 5. O-O d6 6. b3 Nbd7 7. Bb2 c6 8.
c4 Qc7 9. Nc3 e5 10. Rc1 a6 11. dxe5 dxe5 12. Na4 Re8 13. c5 Rb8 14. Bc4 Nf8
15. Ng5 Ne6 16. Nf3 Nd7 17. Bxe6 Rxe6 18. Ng5 Re8 19. Ne4 Rd8 20. Qe2 Nf8
21. Nd6 b5 22. Nc3 Be6 23. Rfd1 f5 24. Rd2 Nd7 25. b4 a5 26. a3 axb4 27.
axb4 Nf6 28. Rcd1 h5 29. h3 Kh7 30. f3 Rd7 31. Qf2 Bb3 32. Rb1 Nd5 33. Nxd5
Bxd5 34. f4 Rxd6 35. cxd6 Qxd6 36. fxe5 Bxe5 37. Bxe5 Qxe5 38. Qf4 Re8 39.
Qxe5 Rxe5 40. Kf2 h4 41. Ra1 Kh6 42. Ra7 Kg5 43. Rh7 Re8 44. Rd4 Be4 45.
Rhd7 Ra8 46. R4d6 Ra2+ 47. Kf1 Bxg2+ 48. Ke1 Bxh3 49. Rg7 Kg4 50. Rgxg6+ Kf3
51. Rxc6 Bg4 52. Rge6 h3 53. Rh6 h2 54. Rc1 Kg2 {White resigns} 0-1

[Event "ICCopen2016"]
[Site "Internet Chess Club"]
[Date "2016.06.04"]
[Round "2"]
[White "Oblique"]
[Black "attalone"]
[Result "1-0"]
[ICCResult "Black forfeits on time"]
[WhiteElo "1725"]
[BlackElo "1193"]
[Opening "QGD semi-Slav"]
[ECO "D43"]
[NIC "SL.03"]
[Time "14:12:47"]
[TimeControl "180+0"]

1. d4 c6 2. c4 d5 3. Nf3 Nf6 4. Nc3 e6 5. cxd5 exd5 6. Bg5 Be7 7. Qc2 Nbd7
8. e3 O-O 9. Bd3 h6 10. Bf4 b6 11. O-O Bb7 12. Rab1 Rc8 13. b4 Nh5 14. a4
Nxf4 15. exf4 Nf6 16. Ne5 Bd6 17. Bf5 Rc7 18. Rfe1 c5 19. bxc5 bxc5 20. Nb5
Re7 21. dxc5 Bxe5 22. fxe5 Ne4 23. c6 Bc8 24. Bxe4 dxe4 25. Qxe4 Be6 26.
Nxa7 Qc7 27. Rb7 Qd8 28. Rxe7 Qxe7 29. Nb5 Rc8 30. c7 Bd7 31. Qb7
{Black forfeits on time}
1-0

[Event "ICCopen2016"]
[Site "Internet Chess Club"]
[Date "2016.06.04"]
[Round "2"]
[White "EirikG"]
[Black "GreyWarden"]
[Result "0-1"]
[ICCResult "White checkmated"]
[WhiteElo "2533"]
[BlackElo "2025"]
[Opening "Ruy Lopez: closed, Flohr-Zaitsev system (Lenzerheide variation)"]
[ECO "C92"]
[NIC "RL.26"]
[Time "14:13:34"]
[TimeControl "180+0"]

1. e4 e5 2. Nf3 Nc6 3. Bb5 a6 4. Ba4 Nf6 5. O-O Be7 6. Re1 b5 7. Bb3 d6 8.
c3 O-O 9. h3 Bb7 10. d4 Re8 11. Ng5 Rf8 12. Nf3 Re8 13. Nbd2 Bf8 14. Bc2 Nb8
15. b3 Nbd7 16. Bb2 g6 17. d5 c6 18. c4 cxd5 19. cxd5 Rc8 20. a4 Qb6 21.
axb5 axb5 22. b4 Ra8 23. Nb3 Ra4 24. Qd2 Rea8 25. Na5 Rxa1 26. Bxa1 Nh5 27.
g3 Bg7 28. Bb2 Nb8 29. Kg2 Na6 30. Bc3 Rc8 31. Bd3 Ba8 32. Ra1 Nf6 33. Ne1
h5 34. Nc2 Kh7 35. Na3 Bh6 36. Qb2 Nc7 37. Rf1 Nfxd5 38. exd5 Nxd5 39. Bd2
Nf4+ 40. Kh2 Nxd3 41. Qb3 Bxd2 42. Qxf7+ Kh6 43. Rd1 Qxf2+ 44. Qxf2 Nxf2 45.
Rxd2 Ne4 46. Re2 d5 47. Nxb5 d4 48. Nb3 d3 49. Re1 Rc2+ 50. Kg1 Nxg3 51.
Rxe5 Rg2# {White checkmated} 0-1

[Event "ICCopen2016"]
[Site "Internet Chess Club"]
[Date "2016.06.04"]
[Round "2"]
[White "Creedence"]
[Black "victor22224444"]
[Result "1-0"]
[ICCResult "Black resigns"]
[WhiteElo "3085"]
[BlackElo "2344"]
[Opening "Sicilian: Nimzovich-Rossolimo attack (with ...g6, without ...d6)"]
[ECO "B31"]
[NIC "SI.31"]
[Time "14:13:24"]
[TimeControl "180+0"]

1. e4 c5 2. Nf3 Nc6 3. Bb5 g6 4. O-O Bg7 5. Re1 e5 6. Nc3 Nge7 7. Nd5 O-O 8.
d3 d6 9. Bc4 Nd4 10. Nxd4 cxd4 11. Bg5 Re8 12. Nf6+ Kh8 13. Nxe8 Qxe8 14.
Qf3 f5 15. exf5 Nxf5 16. Bd5 Rb8 17. c3 b5 18. Rac1 dxc3 19. bxc3 b4 20.
cxb4 Nd4 21. Qf7 Qxf7 22. Bxf7 Bf5 23. Bc4 Rxb4 24. Rb1 Rxb1 25. Rxb1 h6 26.
Rb8+ Kh7 27. Bg8+ Kh8 28. Be7 Nc6 29. Re8 Nxe7 30. Be6+ Kh7 31. Rxe7 Bxd3
32. Rxa7 e4 33. a4 h5 34. h4 Kh6 35. Bg8 g5 36. hxg5+ Kg6 37. a5 Bd4 38. Rd7
Bc5 39. Bd5 Kxg5 40. Bb7 Kf4 41. a6 e3 42. fxe3+ Bxe3+ 43. Kh1 Kg3 44. Rxd6
Be2 45. Re6 Kf2 46. Rxe3 Kxe3 47. a7 {Black resigns} 1-0

[Event "ICCopen2016"]
[Site "Internet Chess Club"]
[Date "2016.06.04"]
[Round "2"]
[White "Pschaak"]
[Black "jergus"]
[Result "0-1"]
[ICCResult "White forfeits on time"]
[WhiteElo "1763"]
[BlackElo "2545"]
[Opening "Trompowsky attack (Ruth, Opocenský opening)"]
[ECO "A45"]
[NIC "QP.07"]
[Time "14:12:25"]
[TimeControl "180+0"]

1. d4 Nf6 2. Bg5 g6 3. Bxf6 exf6 4. e3 f5 5. Nd2 d6 6. c3 Nd7 7. g3 h5 8. h4
Bh6 9. Bg2 O-O 10. Ne2 Re8 11. O-O Nf6 12. Nf4 Rb8 13. Qb3 Kg7 14. Rae1 Bd7
15. Bf3 c6 16. Qa3 Qc7 17. Ng2 Ng4 18. Nc4 d5 19. Nd2 g5 20. c4 gxh4 21.
Nxh4 dxc4 22. Qc3 Bg5 23. Ng2 b5 24. b3 cxb3 25. axb3 Bf6 26. Rc1 Rbc8 27.
Nf4 Rh8 28. Kg2 h4 29. gxh4 Rxh4 30. Rh1 Rch8 31. Rxh4 Rxh4 32. Bxg4 Rxg4+
33. Kf3 Qd6 34. Qc5 Qxc5 35. Rxc5 Be7 36. Rc1 a5 37. Ra1 Bb4 38. d5 Bxd2 39.
dxc6 Bxc6+ 40. Ke2 Bb4 41. Rd1 Kf6 42. Rd8 Rh4 43. Rc8 Bd7 44. Rc7 Ke7 45.
Rb7 Kd6 46. Rb6+ Kc7 47. Rf6 Bc6 48. Rxf7+ Kb6 49. Rxf5 a4 50. bxa4 bxa4 51.
Nd3 Bb5 52. Rg5 Bxd3+ 53. Kxd3 a3 54. Kc2 a2 55. Kb3 a1=Q
{White forfeits on time}
0-1

[Event "ICCopen2016"]
[Site "Internet Chess Club"]
[Date "2016.06.04"]
[Round "2"]
[White "daskapitallesen"]
[Black "eternalwarrior"]
[Result "1-0"]
[ICCResult "Black forfeits on time"]
[WhiteElo "1797"]
[BlackElo "1393"]
[Opening "QGA: classical variation, 6.O-O"]
[ECO "D26"]
[NIC "QG.08"]
[Time "14:13:18"]
[TimeControl "180+0"]

1. d4 d5 2. c4 dxc4 3. e3 Nf6 4. Nf3 e6 5. Bxc4 c5 6. O-O Nc6 7. Nc3 a6 8.
Bd3 cxd4 9. exd4 Be7 10. Re1 O-O 11. Bg5 h6 12. Bh4 b5 13. a3 Bb7 14. Rc1
Rc8 15. Bb1 Re8 16. Qd3 g6 17. Bg3 Bd6 18. Bh4 Be7 19. Qd2 Kg7 20. Rcd1 Nd5
21. Bxe7 Ncxe7 22. Ne5 Nf5 23. Qd3 Nf4 24. Qd2 Nxg2 25. d5 Ngh4 26. d6 f6
27. Bxf5 fxe5 28. Bg4 h5 29. Re3 Qg5 30. Rg3 {Black forfeits on time} 1-0

[Event "ICCopen2016"]
[Site "Internet Chess Club"]
[Date "2016.06.04"]
[Round "2"]
[White "GodspeedR8"]
[Black "karodash"]
[Result "1-0"]
[ICCResult "Black resigns"]
[WhiteElo "1920"]
[BlackElo "1565"]
[Opening "Scandinavian gambit"]
[ECO "B01"]
[NIC "SD.03"]
[Time "14:13:27"]
[TimeControl "180+0"]

1. e4 d5 2. exd5 Nf6 3. c4 c6 4. dxc6 Nxc6 5. Nf3 e5 6. d3 Bc5 7. Nc3 Qb6 8.
Qe2 Ng4 9. Ne4 Bb4+ 10. Bd2 Nd4 11. Nxd4 Bxd2+ 12. Nxd2 Qxd4 13. Nf3 Qc5 14.
h3 Qb4+ 15. Nd2 Nf6 16. Qxe5+ Kd8 17. a3 Qa4 18. Qd6+ Bd7 19. Be2 Re8 20. b3
Qc6 21. Qxc6 Bxc6 22. Kf1 Kc7 23. Bf3 Rad8 24. Bxc6 Kxc6 25. Nf3 Rxd3 26. b4
Ne4 27. Re1 f5 28. h4 Red8 29. Ne5+ {Black resigns} 1-0

[Event "ICCopen2016"]
[Site "Internet Chess Club"]
[Date "2016.06.04"]
[Round "2"]
[White "anitak"]
[Black "Peretyatko"]
[Result "0-1"]
[ICCResult "White forfeits on time"]
[WhiteElo "2082"]
[BlackElo "2769"]
[Opening "English: symmetrical variation"]
[ECO "A34"]
[NIC "EO.64"]
[Time "14:12:21"]
[TimeControl "180+0"]

1. c4 c5 2. Nc3 b6 3. g3 Bb7 4. e4 g6 5. Bg2 Bg7 6. Nge2 Nc6 7. a3 e6 8. O-O
Nge7 9. Rb1 a5 10. d3 d6 11. Bd2 O-O 12. Nb5 Qd7 13. b4 axb4 14. axb4 Ra2
15. Be3 Nxb4 16. Nec3 Raa8 17. Qd2 Nec6 18. Bh6 f6 19. Bxg7 Kxg7 20. h3 e5
21. Nd5 Nxd5 22. exd5 Nb4 23. Nc3 Kg8 24. Rfe1 Ba6 25. Rb2 b5 26. Bf1 bxc4
27. dxc4 f5 28. f4 e4 29. Reb1 Qg7 30. Nd1 Bc8 31. Ne3 Bd7 32. Kf2 Ra3 33.
Be2 Rfa8 34. Rxb4 cxb4 35. Rxb4 Ra2 36. Qd1 Qc3 37. Rb3 Qa5 38. Rb7 Qc5 39.
Rxd7 R8a3 40. Qc1 Rc2 41. Qxc2 Qxe3+ 42. Kf1 Ra1+ 43. Bd1 Qf3+ 44. Ke1 Qxg3+
45. Ke2 Qf3+ 46. Kd2 Qxf4+ 47. Kc3 Qe5+ 48. Kb4 Ra8 49. Rc7 Rb8+ 50. Ka5
Qa1+ 51. Qa4 Ra8+ 52. Kb5 Rxa4 53. Bxa4 e3 54. Re7 Qb2+ 55. Kc6 e2 56. Bb5
Qd2 57. Kxd6 e1=Q 58. Rxe1 Qxe1 59. c5 Qg3+ 60. Kc6 Qa3 61. d6 Qa8+ 62. Kd7
Qb7+ 63. Ke6 Qxb5 64. d7 Qc6+ 65. Ke7 Qxc5+ {White forfeits on time} 0-1

[Event "ICCopen2016"]
[Site "Internet Chess Club"]
[Date "2016.06.04"]
[Round "2"]
[White "Optikk"]
[Black "VisualEYES"]
[Result "0-1"]
[ICCResult "White forfeits on time"]
[WhiteElo "1562"]
[BlackElo "2055"]
[Opening "Pirc defense"]
[ECO "B07"]
[NIC "PU.08"]
[Time "14:12:36"]
[TimeControl "180+0"]

1. e4 d6 2. d4 Nf6 3. Nc3 e5 4. dxe5 dxe5 5. Qxd8+ Kxd8 6. Bg5 Be7 7. Nf3
Nfd7 8. O-O-O f6 9. Be3 c6 10. Bc4 Kc7 11. Be6 a5 12. Na4 Ra6 13. c4 Nf8 14.
Bxc8 Kxc8 15. c5 Nbd7 16. Nd2 Ne6 17. Nb6+ Nxb6 18. cxb6 Bc5 19. Nc4 Bxe3+
20. fxe3 Rd8 21. Rxd8+ Kxd8 22. Rd1+ Ke7 23. Kc2 Nc5 24. Nd6 g6 25. a3 Ke6
26. b4 axb4 27. axb4 Nd7 28. Nxb7 Rxb6 29. Nc5+ Nxc5 30. bxc5 Rb5 31. Rd6+
Ke7 32. Rxc6 Ra5 33. Kc3 Ra2 34. Rc7+ Ke6 35. Rxh7 Rxg2 36. Kb4 Rb2+ 37. Kc4
Rc2+ 38. Kb4 f5 39. Kb5 f4 40. exf4 exf4 41. c6 f3 42. c7 f2 43. Rh8 Rxc7
{White forfeits on time}
0-1

[Event "ICCopen2016"]
[Site "Internet Chess Club"]
[Date "2016.06.04"]
[Round "2"]
[White "Anarchy"]
[Black "LordofSwords"]
[Result "1-0"]
[ICCResult "Black forfeits on time"]
[WhiteElo "2812"]
[BlackElo "2117"]
[Opening "Queen's pawn: Torre attack"]
[ECO "A46"]
[NIC "QP.04"]
[Time "14:12:39"]
[TimeControl "180+0"]

1. d4 Nf6 2. Nf3 e6 3. Bg5 c5 4. e3 Be7 5. dxc5 Qa5+ 6. Nbd2 Qxc5 7. c4 O-O
8. Bd3 h6 9. Bh4 Nc6 10. O-O d5 11. Rc1 Qb6 12. Qb3 Nb4 13. Bb1 dxc4 14.
Nxc4 Qa6 15. a3 Nbd5 16. Nce5 Rd8 17. Rfd1 Bd7 18. Nxd7 Rxd7 19. Bd3 Qa5 20.
Ne5 Rdd8 21. Nc4 Qc7 22. Bg3 Qd7 23. Ne5 Qe8 24. Bb5 Qf8 25. h3 a6 26. Bd3
b5 27. Bb1 Rac8 28. e4 Rxc1 29. Rxc1 Nb6 30. Nc6 Rd7 31. Qc2 g6 32. Nxe7+
Qxe7 33. Bf4 h5 34. Bg5 Nc4 35. b3 Nxa3 36. Qb2 Nxb1 37. Bxf6 Qb4 38. Rc8+
Qf8 39. Rxf8+ Kxf8 40. Qxb1 Rc7 41. Qb2 Ke8 42. Qe5 Kd7 43. Qd4+ Kc8 44.
Qd8+ Kb7 45. Kh2 Rc2 46. Qd7+ Rc7 47. Qe8 Rc6 48. Be5 Rc7 49. Qd8 Rd7 50.
Qxd7+ {Black forfeits on time} 1-0

[Event "ICCopen2016"]
[Site "Internet Chess Club"]
[Date "2016.06.04"]
[Round "2"]
[White "RLH2"]
[Black "yucatan3000"]
[Result "1-0"]
[ICCResult "Black forfeits on time"]
[WhiteElo "2774"]
[BlackElo "1748"]
[Opening "Nimzovich-Larsen attack: modern variation"]
[ECO "A01"]
[NIC "VO.08"]
[Time "14:13:30"]
[TimeControl "180+0"]

1. b3 e5 2. Bb2 d6 3. e3 Nc6 4. d4 exd4 5. exd4 Be7 6. d5 Ne5 7. f4 Ng6 8.
Bxg7 Bf6 9. Bb5+ Bd7 10. Qe2+ N6e7 11. Bxf6 Nxf6 12. Nc3 Bxb5 13. Qxb5+ Qd7
14. Qxd7+ Nxd7 15. O-O-O O-O-O 16. Nf3 Ng6 17. g3 h6 18. Rhe1 Rde8 19. Nd4
Nf6 20. Nf5 Ng4 21. Nb5 a6 22. Nbxd6+ cxd6 23. Nxd6+ Kd7 24. Nxe8 Rxe8 25.
Rxe8 Kxe8 26. Rd2 Kd7 27. c4 Ne7 28. Kb2 Nf5 29. Kc3 Nge3 30. c5 h5 31. b4
h4 32. gxh4 Nxh4 33. a4 Nhf5 34. b5 axb5 35. axb5 Ne7 36. d6 N7d5+ 37. Kd4
Nf1 38. Kxd5 Nxd2 39. c6+ bxc6+ 40. bxc6+ Kd8 41. h4 Nf3 42. h5 Nh2 43. Kc5
Ng4 44. Kb6 Nf6 45. h6 Nd5+ 46. Kb7 Nxf4 47. h7 Ng6 48. c7+ Kd7 49. h8=Q
Kxd6 50. Qf6+ {Black forfeits on time} 1-0